 Dungeon Crawl Stone Soup version 0.22.1-1-ga44c0e5 (webtiles) character file.

177 Fang the Chopper (level 5, 0/51 HPs)
             Began as a Gargoyle Berserker on Sept 20, 2018.
             Was a Believer of Trog.
             Killed from afar by a raiju (5 damage)
             ... with a living lightning
             ... on level 1 of the Abyss.
             The game lasted 00:02:57 (2615 turns).

Fang the Chopper (Gargoyle Berserker)               Turns: 2615, Time: 00:02:58

Health: 0/51       AC:  6    Str: 26    XL:     5   Next: 57%
Magic:  5/5        EV: 12    Int:  8    God:    Trog [**....]
Gold:   95         SH:  0    Dex:  9    Spells: 4/4 levels left

rFire    . . .     SeeInvis .   a - +0 hand axe
rCold    . . .     Gourm    .   (no shield)
rNeg     + . .     Faith    .   b - +0 animal skin
rPois    ∞         Spirit   .   (no helmet)
rElec    +         Reflect  .   (no cloak)
rCorr    .         Harm     .   (no gloves)
MR       .....                  (no boots)
Stlth    ..........             (no amulet)
HPRegen  0.17/turn              (no ring)
MPRegen  0.09/turn              (no ring)

@: berserking, very quick
A: negative energy resistance 1, electricity resistance, unbreathing,
petrification resistance, rot immunity, AC +4
a: Berserk, Trog's Hand, Renounce Religion


You were on level 1 of the Abyss.
You worshipped Trog.
Trog was pleased with you.
You were near starving.

You visited 1 branch of the dungeon, and saw 3 of its levels.
You visited the Abyss 1 time.

You collected 95 gold pieces.

Inventory:

Hand Weapons
 a - a +0 hand axe (weapon)
Armour
 b - a +0 animal skin (worn)
Jewellery
 j - an uncursed amulet of rage {unknown}
 p - an uncursed ring of ice {unknown}
Scrolls
 e - a scroll of amnesia {unknown}
 f - a scroll of teleportation {unknown}
 i - a scroll of fear {unknown}
 m - a scroll of identify {unknown}
 r - a scroll of random uselessness {unknown}
Potions
 d - 2 potions of flight {unknown}
 g - 3 potions of curing {unknown}
 h - a potion of resistance {unknown}
 k - a potion of mutation {unknown}
 l - a potion of heal wounds {unknown}
 n - 2 potions of berserk rage {unknown}
 o - a potion of might {unknown}
 q - a potion of invisibility {unknown}
Comestibles
 c - 2 rations


   Skills:
 + Level 4.3 Fighting
 + Level 4.4 Axes
 + Level 2.3 Armour
 + Level 2.1 Dodging
 + Level 1.1 Stealth


You had 4 spell levels left.
You didn't know any spells.
Your spell library was empty.

Dungeon Overview and Level Annotations

Branches:
Dungeon (3/15)

Altars:
Okawaru
Vehumet
The Shining One


Innate Abilities, Weirdness & Mutations

You are resistant to torment.
Your stone body is resilient. (AC +4)
You are immune to poison.
You resist negative energy. (rN+)
You are resistant to electric shocks. (rElec)
You can survive without breathing.
You are immune to petrification.
You are immune to rotting.


Message History

The raiju is moderately wounded.
The raiju bursts into living lightning!
The living lightning hits the raiju.
The raiju completely resists.
The living lightning hits you! You resist.
* * * LOW HITPOINT WARNING * * *
The raiju blinks! x2
You barely miss the raiju.
The raiju is moderately wounded.
The raiju bursts into living lightning!
The living lightning misses you.
The raiju blinks!
The raiju bursts into living lightning!
The living lightning hits the raiju.
The raiju completely resists.
The living lightning hits you! You resist.
* * * LOW HITPOINT WARNING * * *
The raiju blinks! x2
The raiju bursts into living lightning!
The living lightning hits the raiju.
The raiju completely resists.
The living lightning hits the raiju.
The raiju completely resists.
The living lightning hits you! You resist.
You die...

. # # . #
# . ### #
. #. # #
# ##..# #
. #.#..
.# #.
#....###
# ## #
#..###..#
# .
###@..#
#. #h####
#


.hh # #..h #.#.. ##.#. ###$ ## You could see 4 raiju.

Vanquished Creatures
  Jessica (D:2)
  4 gnolls
  4 adders
  An ufetubus (Abyss:1)
  2 oozes
  A worm (D:2)
  An orc (D:3)
  3 bats
  A giant cockroach (D:1)
  9 hobgoblins
  7 jackals
  5 kobolds
  7 frilled lizards
  10 goblins
  4 rats
60 creatures vanquished.

Notes
Turn   | Place    | Note
-------+----------+-------------------------------------------
     0 | D:1      | Fang the Gargoyle Berserker began the quest for the Orb.
     0 | D:1      | Reached XP level 1. HP: 14/14 MP: 1/1
    55 | D:1      | Reached XP level 2. HP: 19/19 MP: 2/2
   335 | D:1      | Reached XP level 3. HP: 24/24 MP: 3/3
   493 | D:1      | Reached ** piety under Trog
  1075 | D:2      | Reached XP level 4. HP: 16/29 MP: 4/4
  1363 | D:2      | Noticed Jessica
  1373 | D:2      | Killed Jessica
  1629 | D:2      | Reached XP level 5. HP: 15/33 MP: 5/5
  1677 | D:2      | Reached skill level 1 in Stealth
  1964 | D:2      | Found an iron altar of Okawaru.
  1966 | D:2      | Found a radiant altar of Vehumet.
  1971 | D:2      | Found a glowing golden altar of the Shining One.
  2400 | D:3      | Cast into level 1 of the Abyss (kobold)
  2523 | Abyss:1  | Noticed a large abomination
  2605 | Abyss:1  | Noticed a raiju
  2605 | Abyss:1  | Noticed a raiju
  2606 | Abyss:1  | Noticed a raiju
  2609 | Abyss:1  | Noticed a raiju
  2615 | Abyss:1  | Killed from afar by a raiju

Skill      XL: |  1  2  3  4  5 |
---------------+----------------+-----
Axes           | 3 4 |  4.4
Fighting       | 4 |  4.3
Dodging        | 2 |  2.1
Stealth        | 1 |  1.1
Armour         | |  2.3

Action                   |  1- 3 |  4- 6 || total
-------------------------+-------+-------++-------
Melee: Hand axe          |   105 |   120 ||   225
Invok: Berserk           |     2 |     3 ||     5
 Stab: Sleeping          |     1 |       ||     1
  Eat: Chunk             |     1 |     4 ||     5
       Ration            |       |     1 ||     1
Armor: Animal skin       |    40 |    33 ||    73
Dodge: Dodged            |    75 |    75 ||   150
